 Dungeon Crawl Stone Soup version 0.29-a0-219-g0a02b1cf4f (console) character file.

Game seed: 13466456718070175211

49 jejorda2 the Shooter (level 3, -2/21 HPs)
             Began as a Tengu Hunter on Feb 25, 2022.
             Slain by an ogre
             ... wielding a +0 giant club
              (23 damage)
             ... on level 2 of the Dungeon.
             The game lasted 00:03:20 (1359 turns).

jejorda2 the Shooter (Tengu Hunter)                 Turns: 1359, Time: 00:03:21

Health: -2/21      AC:  3    Str: 12    XL:     3   Next: 75%
Magic:  4/4        EV: 12    Int: 11    God:
Gold:   25         SH:  0    Dex: 16    Spells: 2/2 levels left

rFire   . . .      SeeInvis .   a - +1 shortbow
rCold   . . .      Faith    .   (shield currently unavailable)
rNeg    . . .      Spirit   .   b - +0 leather armour
rPois   .          Reflect  .   h - +0 hat
rElec   .          Harm     .   (no cloak)
rCorr   .          Rampage  .   (no gloves)
Will    .....                   (boots unavailable)
Stlth   ++........              (no amulet)
HPRegen 0.07/turn               (no ring)
MPRegen 0.09/turn               (no ring)

@: no status effects
A: beak, talons 3
a: no special abilities


You were on level 2 of the Dungeon.
You visited 1 branch of the dungeon, and saw 2 of its levels.

You collected 25 gold pieces.

Inventory:

Hand Weapons
 a - a +1 shortbow (weapon)
Missiles
 l - 2 curare-tipped darts
Armour
 b - a +0 leather armour (worn)
 h - a +0 hat (worn)
Scrolls
 c - a scroll of silence {unknown}
 d - a scroll of enchant armour {unknown}
 e - a scroll of noise {unknown}
 f - a scroll of magic mapping {unknown}
 g - a scroll of identify {unknown}
 i - a scroll of holy word {unknown}
 k - a scroll of enchant weapon {unknown}
 m - a scroll of blinking {unknown}
Potions
 j - a potion of curing {unknown}


   Skills:
 - Level 2.0 Fighting
 * Level 5.4 Bows
 - Level 2.1 Dodging
 + Level 2.2 Stealth


You had 2 spell levels left.
You didn't know any spells.
Your spell library contained the following spells:

 Spells                   Type           Power      Damage    Failure   Level
 Beastly Appendage        Tmut           0%         N/A       41%         1
 Wereblood                Tmut           0%         N/A       56%         2
 Spider Form              Tmut/Pois      0%         N/A       80%         3


Dungeon Overview and Level Annotations

Branches:
Dungeon (2/15)

Altars:


Innate Abilities, Weirdness & Mutations

You have a beak for a mouth.
You have claws for feet.


Message History

You shoot an arrow. The arrow hits the rat!
You kill the rat!
No target in view!
No target in view!
You see here a rat corpse.
A bat comes into view.
You shoot an arrow. The arrow hits the bat.
The bat is moderately wounded.
You shoot an arrow. The arrow hits the bat.
You kill the bat!
No target in view!
No target in view!
You see here a bat corpse.
You see here a rat corpse.
An endoplasm comes into view.
You shoot an arrow. The arrow hits the endoplasm!
You kill the endoplasm!
No target in view!
No target in view!
m - a scroll labelled POGANU QAIPN You now have 25 gold pieces (gained 17).
Found a club.
An ogre comes into view. It is wielding a +0 giant club.
You shoot an arrow. The arrow hits the ogre!
The ogre shouts!
The ogre is moderately wounded.
You shoot an arrow.
The arrow hits the ogre but does no damage.
The ogre is moderately wounded.
You shoot an arrow. The arrow hits the ogre.
The ogre is heavily wounded.
You shoot an arrow. The arrow hits the ogre.
The ogre is heavily wounded.
You shoot an arrow. The arrow hits the ogre!
The ogre is severely wounded.
You shoot an arrow. The arrow hits the ogre.
The ogre is severely wounded.
The ogre hits you with a +0 giant club!!
Ouch! That really hurt!
You die...

##......###...
...................
#..###.#####.###...
#.. ... #.###...
#)####. #.....## #.#
#. #.######
#.#####.# #.#####.#
#
........####.......#
#
.......O@.#####.##.#
#
######....####.##.#
# #............# #
##...####.#### #
##.#####.# #
#.......# #
######### # # #


You could see an ogre.

Vanquished Creatures
  2 worms (D:2)
  A dart slug (D:1)
  3 ball pythons (D:1)
  6 endoplasms
  A giant cockroach (D:2)
  4 goblins
  2 hobgoblins (D:1)
  5 jackals
  3 bats
  3 frilled lizards
  3 kobolds
  7 rats
40 creatures vanquished.

Notes
Turn   | Place    | Note
-------+----------+-------------------------------------------
     0 | D:1      | jejorda2 the Tengu Hunter began the quest for the Orb.
     0 | D:1      | Reached XP level 1. HP: 12/12 MP: 2/2
    56 | D:1      | Reached XP level 2. HP: 13/17 MP: 3/3
   314 | D:1      | Reached skill level 5 in Bows
   398 | D:1      | Reached XP level 3. HP: 21/21 MP: 4/4
  1347 | D:2      | Noticed an ogre
  1359 | D:2      | Slain by an ogre

Illustrated notes

Levels and vault maps discovered:
D:1:      heliophobic_arrival_henge, layout_basic
D:2:      layout_loops_ring

Skill      XL: |  1  2  3 |
---------------+----------+-----
Bows           | 5 |  5.4
Stealth        | 2 |  2.2
Fighting       | |  2.0
Dodging        | |  2.1

Action                   || total
-------------------------++-------
 Fire: Shortbow          ||   104
Armor: Leather armour    ||    15
Dodge: Dodged            ||    24

Table legend: (Time is in decaauts)
 A = Elapsed time spent in this place.
 B = Non-inter-level travel time spent in this place.
 C = Inter-level travel time spent in this place.
 D = Time resting spent in this place.
 E = Time spent auto-exploring this place.
 F = Levels seen in this place.
 G = Mean time per level.
                   A        B        C        D        E       F      G
               +--------+--------+--------+--------+--------+-----+--------+
         Total |   1394 |   1360 |     34 |      0 |   1125 |   2 |  697.0 |
       Dungeon |   1394 |   1360 |     34 |      0 |   1125 |   2 |  697.0 |
               +--------+--------+--------+--------+--------+-----+--------+

Top non-repeatable levels by time:
     D:2: 755 daAuts
     D:1: 639 daAuts
